 Dungeon Crawl Stone Soup version 0.25-a0-1130-g3926558f3a (webtiles) character file.

Game seed: 5192229300974218958, levelgen mode: deterministic

550329 vurker the Lord of Darkness (level 25, -9/221 HPs)
             Began as a Demonspawn Necromancer on May 19, 2020.
             Was the Champion of Kikubaaqudgha.
             Killed from afar by an orb of fire (25 damage)
             ... with a fireball
             ... on level 5 of the Realm of Zot.
             The game lasted 04:15:06 (84686 turns).

vurker the Lord of Darkness (DsNe)                 Turns: 84686, Time: 04:15:07

Health: -9/221     AC: 20    Str: 14 (15) XL:     25   Next: 3%
Magic:  7/46       EV: 20    Int: 33      God:    Kikubaaqudgha [******]
Gold:   5827       SH: 19    Dex: 19      Spells: 20/63 levels left

rFire    + + .     SeeInvis +   b - +4 demon trident (elec)
rCold    + . .     Gourm    .   U - +5 kite shield of Impressiveness {rCorr Int+5}
rNeg     . . .     Faith    .   R - +2 scale mail "Iletik" {rF+ rC+ Int-3 SInv}
rPois    +         Spirit   .   (helmet unavailable)
rElec    .         Reflect  .   m - +2 cloak {rPois}
rCorr    +         Harm     .   A - +2 pair of gloves {Dex+3}
MR       ++++.                  f - +1 pair of boots of the Duke {MR++ Str+6 Dex-2}
Stlth    ++........             o - amulet of Fatigue {Regen+ Int+3 SInv}
HPRegen  0.86/turn              y - +4 ring of protection
MPRegen  0.30/turn              l - ring of protection from fire

@: about to teleport, hasted, very quick
A: horns 3, talons 1, thin skeletal structure 3, clumsy 1, deformed body,
deterioration 1, magic resistance 1, sense surroundings 1, powered by death 3,
robust 1, screaming 1, spiny 3
}: 3/15 runes: decaying, silver, gossamer
a: Receive Corpses, Torment, Renounce Religion


You were on level 5 of the Realm of Zot.
You worshipped Kikubaaqudgha.
Kikubaaqudgha was exalted by your worship.
You were full.

You visited 10 branches of the dungeon, and saw 50 of its levels.
You visited 1 bazaar.

You collected 10265 gold pieces.
You spent 4438 gold pieces at shops.

Inventory:

Hand Weapons
 a - a +5 dagger of electrocution
   (You took it off a goblin on level 3 of the Dungeon)
 b - a +4 demon trident of electrocution (weapon)
   (You took it off Frederick on level 5 of the Depths)
Armour
 f - the +1 pair of boots of the Duke (worn) {MR++ Str+6 Dex-2}
   (You acquired it on level 15 of the Dungeon)

   It affects your strength (+6).
   It affects your dexterity (-2).
   It affects your resistance to hostile enchantments.
 m - a +2 cloak of poison resistance (worn)
   (You bought it in a shop in a bazaar)
 A - a +2 pair of gloves of dexterity (worn)
   (You found it on level 5 of the Depths)
 R - the +2 scale mail "Iletik" (worn) {rF+ rC+ Int-3 SInv}
   (You found it on level 2 of the Depths)

   It affects your intelligence (-3).
   It protects you from fire.
   It protects you from cold.
   It lets you see invisible.
 U - the +5 kite shield of Impressiveness (worn) {rCorr Int+5}
   (You took it off a deep elf mage on level 3 of the Elven Halls)

   It affects your intelligence (+5).
   It provides partial protection from all sources of acid and corrosion.
Jewellery
 l - a ring of protection from fire (right hand)
   (You bought it in a shop in a bazaar)
 o - the amulet of Fatigue (around neck) {Regen+ Int+3 SInv}
   (You found it on level 2 of the Depths)

   [amulet of regeneration]

   It affects your intelligence (+3).
   It lets you see invisible.
   It increases your rate of regeneration.
 y - a +4 ring of protection (left hand)
   (You found it on level 4 of the Dungeon)
Wands
 c - a wand of disintegration (23)
   (You found it on level 4 of the Spider Nest)
 d - a wand of iceblast (23)
   (You took it off an orc on level 11 of the Dungeon)
 r - a wand of enslavement (23)
   (You found it on level 3 of the Lair of Beasts)
 t - a wand of flame (96)
   (You took it off a kobold on level 4 of the Dungeon)
 u - a wand of paralysis (31)
   (You found it on level 1 of the Lair of Beasts)
 v - a wand of digging (12)
   (You found it on level 3 of the Lair of Beasts)
 x - a wand of acid (7)
   (You found it on level 1 of the Elven Halls)
 L - a wand of clouds (10)
   (You found it on level 1 of the Lair of Beasts)
 V - a wand of polymorph (46)
   (You found it on level 6 of the Lair of Beasts)
Scrolls
 g - 19 scrolls of remove curse
 h - 7 scrolls of fog
 q - 14 scrolls of teleportation
 w - 7 scrolls of blinking
 z - 11 scrolls of enchant armour
 G - 2 scrolls of amnesia
 I - 11 scrolls of immolation
 K - 3 scrolls of summoning
 O - 23 scrolls of identify
 S - 2 scrolls of silence
 T - 2 scrolls of magic mapping
 W - 6 scrolls of fear
Potions
 i - 11 potions of brilliance
 j - a potion of resistance
 k - 4 potions of cancellation
 p - 9 potions of ambrosia
 s - 3 potions of might
 B - 4 potions of mutation
 C - 4 potions of magic
 D - 15 potions of haste
 F - 20 potions of curing
 H - 4 potions of invisibility
 M - 3 potions of lignification
 N - 13 potions of flight
Comestibles
 e - 34 rations


   Skills:
 + Level 17.2 Fighting
   Level 5.8 Long Blades
 * Level 10.6 Polearms
 + Level 9.5 Armour
 + Level 15.0 Dodging
 - Level 1.7 Stealth
 - Level 15.0 Shields
 + Level 19.7 Spellcasting
 - Level 8.0 Summonings
 + Level 22.8 Necromancy
 - Level 4.0 Ice Magic
 - Level 2.0 Earth Magic


You had 20 spell levels left.
You knew the following spells:

 Your Spells              Type           Power        Failure   Level  Hunger
a - Death Channel         Necr           ########..   1%          6    None
c - Vampiric Draining     Necr           ########..   0%          3    None
e - Blink                 Tloc           N/A          5%          2    None
q - Animate Dead          Necr           N/A          0%          4    None
s - Haunt                 Necr/Summ      #######...   5%          7    ##.....
v - Simulacrum            Ice/Necr       #######...   2%          6    None
w - Sublimation of Blood  Necr           ########..   0%          2    None
x - Infestation           Necr           ########..   1%          8    ####...
z - Borgnjor's Vile Clut  Necr/Erth      #######...   1%          5    None

Your spell library contained the following spells:

 Spells                   Type           Power        Failure   Level  Hunger
 Animate Skeleton         Necr           N/A          0%          1    None
 Pain                     Necr           ####         0%          1    None
 Dispel Undead            Necr           ########     0%          4    None
 Agony                    Necr           ########     0%          5    None
 Freeze                   Ice            ####         1%          1    None
 Sandblast                Erth           #####.       1%          1    None
 Summon Butterflies       Summ           ######..     1%          1    None
 Summon Small Mammal      Summ           ####         1%          1    None
 Call Imp                 Summ           ######..     1%          2    None
 Corpse Rot               Necr/Air       N/A          1%          2    None
 Call Canine Familiar     Summ           ######..     1%          3    None
 Frozen Ramparts          Ice            ######       1%          3    None
 Recall                   Summ/Tloc      N/A          1%          3    None
 Summon Guardian Golem    Hex/Summ       ######..     1%          3    None
 Excruciating Wounds      Chrm/Necr      #######...   1%          5    None
 Borgnjor's Revivificati  Necr           ########..   1%          8    ####...
 Ensorcelled Hibernation  Hex/Ice        #####.       2%          2    None
 Beastly Appendage        Tmut           ####..       3%          1    None
 Corona                   Hex            ####...      3%          1    None
 Infusion                 Chrm           ####         3%          1    None
 Magic Dart               Conj           ####         3%          1    None
 Sting                    Tmut/Pois      ####         3%          1    None
 Passwall                 Tmut/Erth      #####...     3%          2    None
 Summon Ice Beast         Ice/Summ       ######..     3%          4    None
 Ozocubu's Armour         Chrm/Ice       #####...     4%          3    None
 Poisonous Vapours        Pois/Air       ####..       5%          2    None
 Shroud of Golubria       Chrm/Tloc      ####..       5%          2    None
 Slow                     Hex            ####....     5%          2    None
 Sticks to Snakes         Tmut           ####....     5%          2    None
 Swiftness                Chrm/Air       ####....     5%          2    None
 Stone Arrow              Conj/Erth      #####.       7%          3    None
 Summon Lightning Spire   Summ/Air       ######..     7%          4    None
 Confusing Touch          Hex            ####....     11%         3    None
 Conjure Flame            Conj/Fire      ####....     11%         3    None
 Dazzling Flash           Conj/Hex       ####..       11%         3    None
 Gell's Gravitas          Tloc           ####......   11%         3    None
 Ignite Poison            Fire/Tmut/Pois ####....     11%         3    None
 Inner Flame              Hex/Fire       ####....     11%         3    None
 Lesser Beckoning         Tloc           ####......   11%         3    None
 Mephitic Cloud           Conj/Pois/Air  ####....     11%         3    None
 Portal Projectile        Hex/Tloc       ####..       11%         3    None
 Spider Form              Tmut/Pois      ####......   11%         3    None
 Teleport Other           Tloc           ####....     11%         3    None
 Tukima's Dance           Hex            ####....     11%         3    None
 Hailstorm                Conj/Ice       #####...     16%         4    None
 Ice Form                 Ice/Tmut       #####...     16%         4    None
 Summon Mana Viper        Hex/Summ       ######..     19%         5    None
 Leda's Liquefaction      Hex/Erth       #####.....   22%         4    None
 Petrify                  Tmut/Erth      #####...     22%         4    None
 Cause Fear               Hex            ####......   34%         4    None
 Olgreb's Toxic Radiance  Pois           ####....     34%         4    None
 Passage of Golubria      Tloc           N/A          34%         4    None
 Lee's Rapid Deconstruct  Erth           #####.....   38%         5    None
 Metabolic Englaciation   Hex/Ice        #####.....   38%         5    None
 Bolt of Magma            Conj/Fire/Erth #####.....   58%         5    None
 Blade Hands              Tmut           ####......   67%         5    None
 Iskenderun's Battlesphe  Conj/Chrm      ####....     67%         5    None
 Silence                  Hex/Air        ####......   67%         5    None
 Yara's Violent Unravell  Hex/Tmut       ####......   67%         5    None
 Summon Hydra             Summ           ######....   73%         7    ##.....
 Death's Door             Chrm/Necr      #######...   91%         8    ####...
 Necromutation            Tmut/Necr      #######...   91%         8    ####...
 Iron Shot                Conj/Erth      #####.....   98%         6    None
 Statue Form              Tmut/Erth      #####....    98%         6    None
 Conjure Ball Lightning   Conj/Air       ####......   99%         6    None
 Darkness                 Hex            ####......   99%         6    None
 Dispersal                Tloc           ####......   99%         6    None
 Invisibility             Hex            ####....     99%         6    None
 Spellforged Servitor     Conj/Summ      ######....   99%         7    ##.....
 Orb of Destruction       Conj           ####......   100%        7    ##.....
 Controlled Blink         Tloc           N/A          100%        8    ####...
 Disjunction              Tloc           ####......   100%        8    ####...
 Shatter                  Erth           #####.....   100%        9    ######.
 Tornado                  Air            ####......   100%        9    ######.


Dungeon Overview and Level Annotations

Branches:
Dungeon (15/15)            Temple (1/1) D:7            Lair (6/6) D:10
  Swamp (4/4) Lair:4       Spider (4/4) Lair:2        Slime (0/5) Lair:5
    Orc (2/2) D:9             Elf (3/3) Orc:2        Vaults (5/5) D:13
  Crypt (0/3) Vaults:3     Depths (5/5) D:15            Zot (5/5) Depths:5

Altars:
Ashenzari
Dithmenos
Fedhas
Gozag
Hepliaklqana
Kikubaaqudgha
Makhleb
Nemelex Xobeh
Okawaru
Ru
Trog
Uskayaw
Vehumet
Wu Jian
Yredelemnul
The Shining One
Beogh
Lugonu

Shops:
D:8 =:*(%   D:10 (?   D:11 *   Orc:2 ([}?   Elf:1 }}=   Vaults:1 [*=
Vaults:2 ?**!*

Portals:
Hell: Depths:1 Depths:2 Depths:3 Depths:4 Depths:5
Abyss: Depths:1 Depths:4
Pandemonium: Depths:2 Depths:3
Ziggurat: Depths:3

Annotations:
D:9 2 transporters
Lair:2 exclusion: 4 oklob plants
Swamp:1 exclusion: 2 ice statues
Orc:2 2 transporters, Amnesiac's ghost, journeyman DEIE
Elf:2 3 runed translucent doors
Vaults:3 3 runed translucent doors, vurker's ghost, adept TrHu
Zot:4 1 transporter


Innate Abilities, Weirdness & Mutations

You have a pair of large horns on your head.
You have an unnaturally thin skeletal structure. (Dex +6, Stealth++)
You regenerate a lot of health from kills.
You are robust. (+10% HP)
You are completely covered in sharp spines.
You have sharp toenails.
You are clumsy. (Dex -2)
Armour fits poorly on your strangely shaped body.
Your body sometimes deteriorates upon taking damage.
You are resistant to hostile enchantments. (MR+)
You passively map a small area around you.
You occasionally shout uncontrollably at your foes.


Message History

You resist with almost no effort.
The moth of wrath's fur bristles in rage as it notices you.
You block the Orb Guardian's attack.
The moth of wrath is struck by your spines.
The moth of wrath misses you.
The ancient lich gestures wildly while chanting.
The ancient lich seems to speed up.
The Orb Guardian hits you but does no damage.
You block the moth of wrath's attack. You block the Orb Guardian's attack.
You hear a loud "Zot"!
The power of Zot is invoked against you!
You suddenly feel drained of magical energy!
Okay, then.
You hear a loud "Zot"!
You block the Orb Guardian's attack.
Your blink will be uncontrolled - continue anyway?
The Orb prevents control of your translocation!
You blink.
As you read the scroll of blinking, it crumbles to dust.
You feel much better.
You enter the shallow water.
Moving in this stuff is going to be slow.
Your surroundings suddenly seem different.
The orb of fire emits a lurid red light.
The fireball explodes!
The fireball engulfs you!! You resist.
* * * LOW HITPOINT WARNING * * *
Your body deteriorates!
You feel weakened.
Aim: an orb of fire You create a blast of poison gas!
You don't have enough magic to cast that spell.
Okay, then.
You feel yourself speed up.
Okay, then.
As you read the scroll of teleportation, it crumbles to dust.
You feel strangely unstable.
You feel the Orb delaying your translocation!
The orb of fire glows yellow.
The bolt of fire misses you.
The orb of fire emits a lurid red light.
The fireball explodes!
The fireball engulfs you!! You resist.
* * * LOW HITPOINT WARNING * * *
The orb of fire glows yellow.
The fireball explodes!
The fireball engulfs you. You resist.
* * * LOW HITPOINT WARNING * * *
The orb of fire glows yellow.
The bolt of fire misses you.
The orb of fire emits a lurid red light.
The fireball explodes!
The fireball engulfs you!! You resist.
You die...
Kikubaaqudgha rasps: "You have failed me!
Welcome... death!"

#####################
#........⌠..........#
#[#####.########....#
#.# #.# #.#### #.#
#.# #^#
#.#####.########@#
.........<....)#*#
#.############.#.#
#[# #######.#.# #)#
#.......#.# #)#
#.#####.#.#
#)######.# #.#.#
.........# #.#.#
#.######.# ###.#.#


You could see an orb of fire.

Vanquished Creatures
  2 juggernauts
  Boris (Depths:3)
  2 Killer Klowns (Zot:3)
  2 curse toes (Zot:2)
  Jory (Vaults:3)
  4 golden dragons
  8 tentacled monstrosities
  5 Orb Guardians (Zot:5)
  2 liches
  A titan (Vaults:5)
  2 deep elf master archers (Elf:3)
  5 quicksilver dragons
  2 deep elf blademasters (Elf:3)
  3 storm dragons
  11 death cobs
  2 thorn hunters
  4 shadow dragons
  5 tengu reavers
  5 draconian monks
  5 deep elf sorcerers
  3 ghost moths
  4 frost giants
  4 fire giants
  2 vault wardens
  5 draconian knights
  5 ironheart preservers
  An emperor scorpion (Spider:3)
  2 draconian scorchers
  4 draconian shifters
  6 draconian stormcallers
  A deep elf elementalist (Elf:3)
  2 spriggan defenders (Depths:3)
  3 draconian annihilators
  13 very ugly things
  9 stone giants
  4 entropy weavers
  A deep elf demonologist (Vaults:3)
  8 green draconians
  3 yellow draconians (Zot:3)
  2 deep elf annihilators
  10 black draconians
  6 purple draconians
  A spark wasp (Depths:3)
  8 white draconians
  5 red draconians
  3 fire dragons
  7 ettins
  A green death (Swamp:4)
  6 nameless horrors
  3 yaktaur captains
  3 deep elf high priests (Elf:3)
  A juggernaut simulacrum (Depths:4)
  4 great orbs of eyes
  5 hydras
  A shambling mangrove (Swamp:1)
  12 vault guards
  Fannar (Orc:1)
  3 spriggan air magi
  5 centaur warriors
  An ice dragon (Depths:1)
  2 ghost crabs
  26 two-headed ogres
  4 alligators
  4 tengu warriors
  A two-headed ogre (shapeshifter) (Depths:4)
  A death yak (shapeshifter) (Vaults:5)
  5 ogre magi
  3 death yaks (Lair:5)
  A deep troll earth mage (Depths:5)
  9 dancing weapons
  2 hell knights (Depths:1)
  A vampire mage (Depths:3)
  A spriggan berserker (Depths:3)
  6 deep elf knights
  A fire crab (shapeshifter) (Depths:2)
  A shadow wraith (Vaults:5)
  A salamander mystic (Depths:5)
  2 skeletal warriors (Vaults:2)
  2 death drakes
  A death drake (shapeshifter) (Depths:1)
  3 unseen horrors
  A sea snake (shapeshifter) (Depths:2)
  2 spriggan druids (Swamp:4)
  A deep troll (shapeshifter) (Vaults:5)
  2 glowing orange brains (shapeshifter)
  2 flayed ghosts
  2 glowing orange brains
  11 deep elf archers
  6 deep trolls
  A phantasmal warrior (D:14)
  3 swamp dragons
  5 ironbrand convokers
  Pikel (D:8)
  A wolf spider zombie (D:13)
  2 orc knights
  4 lindwurms
  2 necromancers
  A harpy (Vaults:1)
  3 orb spiders
  3 cyclopes
  A wolf spider (shapeshifter) (Depths:1)
  17 ugly things
  18 deep elf magi
  9 wolf spiders
  A manticore (D:11)
  2 salamanders (Depths:5)
  14 moths of wrath
  An eye of devastation (Lair:5)
  6 black mambas
  Joseph (D:8)
  5 vault sentinels
  A centaur zombie (D:11)
  A molten gargoyle (Lair:6)
  Psyche (D:8)
  An orange demon (Swamp:4)
  A spiny frog (shapeshifter) (Depths:2)
  7 centaur skeletons
  2 spectral swamp worms (Depths:1)
  13 spiny frogs
  A rime drake (shapeshifter) (Vaults:2)
  13 yaktaurs
  7 komodo dragons
  A rime drake (Lair:4)
  3 freezing wraiths
  2 efreet
  A merfolk (D:14)
  A meliai (shapeshifter) (D:12)
  10 trolls
  2 guardian mummies (Depths:1)
  A tyrant leech (Swamp:2)
  9 jumping spiders
  A wind drake (Depths:5)
  3 hornets
  A tengu simulacrum (Vaults:3)
  A queen bee (shapeshifter) (Depths:2)
  A raiju (shapeshifter) (Depths:2)
  5 bog bodies
  4 slime creatures
  A slime creature (shapeshifter) (Vaults:5)
  2 dream sheep (shapeshifter) (Depths:2)
  9 hippogriffs
  9 blink frogs
  21 redbacks
  A spriggan (D:14)
  A shadow (D:14)
  5 wyverns
  A redback (shapeshifter) (Depths:2)
  3 water elementals
  A spriggan (shapeshifter) (Depths:3)
  10 tarantellas
  A wraith (D:11)
  A human (shapeshifter) (Vaults:2)
  25 yaks
  A fire elemental (Elf:2)
  A human (D:8)
  2 hungry ghosts
  3 basilisks
  A steam dragon (D:13)
  A yaktaur simulacrum (Vaults:4)
  5 vampire mosquitoes
  Edmund (D:5)
  5 wargs
  12 swamp worms
  A swamp worm (shapeshifter) (Depths:2)
  A soldier ant (shapeshifter) (Vaults:1)
  2 acid dragons
  3 soldier ants (Lair:6)
  5 water moccasins
  3 hell hounds (Lair:6)
  A water moccasin (shapeshifter) (Depths:2)
  10 porcupines
  3 swamp drakes
  23 orc warriors
  15 ogres
  2 eyes of draining
  4 slaves (D:8)
  6 ice beasts
  4 sky beasts
  3 black bears
  A necrophage (D:11)
  2 phantoms
  16 wolves
  6 boggarts
  12 centaurs
  10 crocodiles
  13 bullfrogs
  A big kobold (D:12)
  A glowing shapeshifter simulacrum (Vaults:1)
  4 earth elementals
  A water moccasin zombie (D:11)
  A wyvern skeleton (D:15)
  7 scorpions
  12 killer bees
  5 wights
  3 howler monkeys
  2 electric eels
  A bullfrog zombie (D:11)
  9 crimson imps
  4 lava snakes (Lair:6)
  23 orc priests
  A gnoll shaman (D:5)
  4 hounds
  3 iguanas
  5 jellies
  24 orc wizards
  2 iron imps (Depths:2)
  Ijyb (D:3)
  Terence (D:3)
  15 worker ants
  A hound zombie (D:10)
  3 mummies (Depths:1)
  A howler monkey zombie (D:8)
  Robin (D:3)
  8 adders
  5 gnolls
  A howler monkey skeleton (D:6)
  4 shadow imps
  A white imp (Vaults:4)
  An ufetubus (Vaults:4)
  An adder zombie (D:8)
  An adder skeleton (D:6)
  6 worms
  4 dart slugs
  99 orcs
  5 bats
  8 giant cockroaches
  13 goblins
  8 hobgoblins
  26 jackals
  4 quokkas
  6 ball pythons
  2 ball python skeletons (D:4)
  4 frilled lizards
  9 kobolds
  A leopard gecko skeleton (D:5)
  3 quokka skeletons
  A quokka zombie (D:4)
  7 rats
  A pillar of salt (Vaults:1)
1173 creatures vanquished.

Vanquished Creatures (collateral kills)
  3 ancient liches
  Mara (Depths:4)
  A juggernaut (Depths:2)
  A Killer Klown (Zot:2)
  Frederick (Depths:5)
  5 curse toes
  9 golden dragons
  4 liches
  Jorgrun (D:14)
  9 tentacled monstrosities
  2 electric golems
  The ghost of UristMcRaven the Eclecticist, an adept DECj of Vehumet (Vaults:1)
  Asterion (Spider:4)
  2 Orb Guardians (Zot:5)
  2 deep elf blademasters (Elf:3)
  2 titans (Vaults:5)
  A deep elf master archer (Elf:3)
  2 quicksilver dragons
  A sphinx (Vaults:5)
  Gastronok (Lair:1)
  4 tengu reavers
  3 death cobs
  6 shadow dragons
  A thorn hunter (Swamp:3)
  6 storm dragons
  5 draconian monks
  10 frost giants
  11 fire giants
  An iron dragon (Depths:4)
  4 ghost moths
  4 draconian scorchers
  7 vault wardens
  7 deep elf sorcerers
  2 draconian knights
  5 draconian shifters
  2 deep elf elementalists (Elf:3)
  Aizul (Vaults:1)
  A draconian stormcaller (Zot:2)
  5 emperor scorpions
  15 very ugly things
  8 draconian annihilators
  An entropy weaver (Spider:4)
  A spriggan defender (Depths:3)
  9 ironheart preservers
  2 war gargoyles
  8 black draconians
  6 deep elf demonologists
  14 green draconians
  11 deep elf annihilators
  10 white draconians
  A dire elephant (D:15)
  17 stone giants
  12 purple draconians
  6 yellow draconians
  A vampire knight (Depths:4)
  9 red draconians
  5 spark wasps
  A green death (Swamp:4)
  11 ettins
  A merfolk impaler (Depths:3)
  6 fire dragons
  6 deep elf death magi
  5 deep elf high priests
  6 great orbs of eyes
  6 ice dragons
  8 yaktaur captains
  5 rakshasas
  12 hydras
  A hell beast (Depths:4)
  29 vault guards
  2 spriggan air magi
  8 centaur warriors
  3 death knights
  5 alligators
  14 ogre magi
  2 shambling mangroves (Swamp:3)
  3 dancing weapons
  50 two-headed ogres
  A ghost crab (Swamp:2)
  A queen ant (Lair:6)
  A thrashing horror (Swamp:4)
  A death yak (Lair:5)
  5 tengu warriors
  5 deep troll earth magi
  3 deep troll shamans
  4 spriggan berserkers
  2 nameless horrors (Vaults:5)
  11 deep elf knights
  A sun demon (Depths:4)
  Sonja (D:12)
  A fire crab (shapeshifter) (Vaults:5)
  2 cherubim (D:15)
  16 hell knights
  A soul eater (Depths:4)
  3 iron trolls (Depths:4)
  2 skeletal warriors
  2 shadow wraiths
  A flayed ghost (Depths:4)
  A glowing orange brain (shapeshifter) (Vaults:5)
  24 deep trolls
  A spriggan druid (Swamp:3)
  A death drake (Depths:5)
  2 wizards
  2 glowing orange brains
  7 deep elf archers
  3 harpies (Vaults:1)
  4 necromancers
  2 phantasmal warriors (Vaults:5)
  4 lindwurms (Depths:5)
  6 swamp dragons
  17 orb spiders
  A mana viper (shapeshifter) (Vaults:5)
  A harpy (shapeshifter) (Depths:3)
  13 ironbrand convokers
  8 orc knights
  5 cyclopes
  32 wolf spiders
  46 ugly things
  2 fauns (shapeshifter)
  A human skeleton (Vaults:5)
  12 moths of wrath
  35 deep elf magi
  A salamander (shapeshifter) (Depths:3)
  7 vault sentinels
  A stone giant skeleton (Vaults:5)
  2 salamanders (Depths:5)
  A centaur zombie (D:14)
  2 molten gargoyles (Lair:6)
  2 black mambas
  3 orange demons (Swamp:4)
  3 spectral swamp worms (Depths:1)
  7 spiny frogs
  A centaur skeleton (D:15)
  6 komodo dragons
  5 freezing wraiths
  A rime drake (Lair:6)
  2 tengu conjurers
  2 guardian mummies (Depths:1)
  10 demonic crawlers
  5 trolls
  22 yaktaurs
  A merfolk (shapeshifter) (Vaults:5)
  2 polar bears (shapeshifter)
  A queen bee (shapeshifter) (Depths:2)
  23 jumping spiders
  A jumping spider (shapeshifter) (Depths:3)
  5 tyrant leeches
  14 hornets
  A wind drake (Depths:5)
  2 large abominations (Swamp:4)
  5 bog bodies
  12 slime creatures
  2 raiju (shapeshifter)
  2 hippogriffs
  56 redbacks
  3 stone giant simulacra
  5 spriggans
  3 wraiths
  3 shadows
  2 tarantellas (shapeshifter)
  31 tarantellas
  12 water elementals
  5 yaks
  A golden eye (shapeshifter) (Depths:2)
  A hungry ghost (D:12)
  A yaktaur simulacrum (Vaults:1)
  3 basilisks
  A warg (Vaults:4)
  11 vampire mosquitoes
  2 acid dragons
  4 insubstantial wisps (Swamp:3)
  A naga (shapeshifter) (Depths:2)
  A soldier ant (shapeshifter) (Depths:2)
  6 soldier ants (Lair:6)
  10 swamp worms
  A hell hound (Lair:6)
  5 swamp drakes
  10 orc warriors
  A sky beast (D:8)
  A necrophage (D:11)
  2 eyes of draining (shapeshifter)
  37 ogres
  2 wolves
  7 boggarts
  11 centaurs
  A big kobold (D:14)
  5 crocodiles
  4 bullfrogs
  An earth elemental (Elf:2)
  A scorpion (D:13)
  A killer bee (D:10)
  6 wights
  An electric eel (Lair:4)
  A lava snake (Lair:6)
  A hound (D:11)
  2 orc priests
  3 jellies
  6 orc wizards
  10 worker ants
  A hound zombie (D:10)
  A mummy (Depths:1)
  A worker ant zombie (D:7)
  2 gnolls (D:3)
  An adder (D:3)
  A shadow imp (D:11)
  An ufetubus (Vaults:4)
  A leopard gecko (D:8)
  12 orcs
  2 goblins (D:3)
  4 kobolds (D:14)
  2 fungi (D:10)
  8 pillars of salt (Vaults:1)
  6 plants
1228 creatures vanquished.

Vanquished Creatures (others)
  Margery (Vaults:5)
  A draconian scorcher (Zot:4)
  A deep elf high priest (Vaults:5)
  An ogre mage (Vaults:2)
  An ironbrand convoker (Vaults:5)
  A wolf spider (Spider:4)
  A black mamba (Lair:6)
  A tyrant leech (Swamp:2)
  A hornet (Swamp:3)
  An air elemental (Elf:1)
  A vampire mosquito (D:14)
  2 insubstantial wisps (Swamp:3)
  A boggart (D:15)
  A centaur (Depths:3)
  A kobold (D:14)
  13 fungi
  38 plants
67 creatures vanquished.

Grand Total: 2468 creatures vanquished

Notes
Turn   | Place    | Note
-------+----------+-------------------------------------------
     0 | D:1      | vurker the Demonspawn Necromancer began the quest for the
                  | Orb.
     0 | D:1      | Reached XP level 1. HP: 13/13 MP: 3/3
   307 | D:1      | Gained mutation: You have a somewhat thin skeletal
                  | structure. (Dex +2, Stealth) [demonic ancestry]
   307 | D:1      | Reached XP level 2. HP: 11/20 MP: 0/5
  1338 | D:2      | Reached skill level 1 in Fighting
  1338 | D:2      | Gained mutation: You have a pair of small horns on your
                  | head. [demonic ancestry]
  1338 | D:2      | Reached XP level 3. HP: 23/26 MP: 1/6
  1501 | D:2      | Reached skill level 5 in Necromancy
  2146 | D:2      | Gained mutation: You regenerate a little health from kills.
                  | [demonic ancestry]
  2146 | D:2      | Reached XP level 4. HP: 31/32 MP: 5/8
  2340 | D:3      | Noticed Terence
  2345 | D:3      | Killed Terence
  2529 | D:3      | Noticed Robin
  2718 | D:3      | Reached XP level 5. HP: 26/38 MP: 4/10
  2724 | D:3      | Learned a level 4 spell: Animate Dead
  2728 | D:3      | Learned a level 3 spell: Vampiric Draining
  3170 | D:3      | Noticed Ijyb
  3185 | D:3      | Killed Ijyb
  3401 | D:3      | Reached skill level 6 in Necromancy
  3561 | D:3      | Killed Robin
  3773 | D:3      | Gained mutation: You are partially covered in sharp spines.
                  | [demonic ancestry]
  3773 | D:3      | Reached XP level 6. HP: 40/46 MP: 3/11
  4620 | D:4      | Found an iron altar of Okawaru.
  4671 | D:4      | Found a radiant altar of Vehumet.
  5312 | D:5      | Entered Level 5 of the Dungeon
  5857 | D:5      | Gained mutation: You regenerate health from kills. [demonic
                  | ancestry]
  5857 | D:5      | Reached XP level 7. HP: 52/52 MP: 13/13
  5951 | D:5      | Reached skill level 7 in Necromancy
  6224 | D:5      | Noticed Edmund
  6254 | D:5      | Killed Edmund
  6254 | D:5      | Reached skill level 5 in Spellcasting
  6591 | D:6      | Got a crude rapier
  6592 | D:6      | Identified the +8 rapier of Valour {vorpal, Int+2 Dex+4}
                  | (You found it on level 6 of the Dungeon)
  7043 | D:6      | Gained mutation: You have a moderately thin skeletal
                  | structure. (Dex +4, Stealth+) [demonic ancestry]
  7043 | D:6      | Reached XP level 8. HP: 60/60 MP: 7/16
  7154 | D:6      | Reached skill level 8 in Necromancy
  8124 | D:7      | Found a staircase to the Ecumenical Temple.
  8136 | Temple   | Entered the Ecumenical Temple
  8221 | Temple   | Became a worshipper of Kikubaaqudgha
  9028 | D:7      | Reached skill level 9 in Necromancy
  9635 | D:7      | Reached skill level 5 in Fighting
 10133 | D:8      | Found Meriyrphon's Book Shop.
 10178 | D:8      | Reached XP level 9. HP: 65/68 MP: 14/19
 10207 | D:8      | Found a blossoming altar of Fedhas.
 10212 | D:8      | Noticed Psyche
 10226 | D:8      | Killed Psyche
 10323 | D:8      | Found Nyufeus's Jewellery Boutique.
 10462 | D:8      | Found Cooduibra's Assorted Antiques.
 10515 | D:8      | Reached skill level 10 in Necromancy
 10519 | D:8      | Reached * piety under Kikubaaqudgha
 10519 | D:8      | Identified Kikubaaqudgha's Guide on Necromancy
                  | (Kikubaaqudgha gifted it to you on level 8 of the Dungeon)
 10519 | D:8      | Received a gift from Kikubaaqudgha
 10531 | D:8      | Learned a level 2 spell: Sublimation of Blood
 10730 | D:8      | Noticed Joseph
 10742 | D:8      | Killed Joseph
 11102 | D:8      | Found Onorgh's Weapon Shoppe.
 11243 | D:8      | Noticed Pikel
 11257 | D:8      | Killed Pikel
 11306 | D:8      | Found Joabois's Food Shop.
 11409 | D:9      | Noticed a troll
 11418 | D:9      | Killed a troll
 11418 | D:9      | Gained mutation: You are mostly covered in sharp spines.
                  | [demonic ancestry]
 11418 | D:9      | Reached XP level 10. HP: 64/76 MP: 15/22
 11485 | D:9      | Reached skill level 11 in Necromancy
 12435 | D:9      | Reached ** piety under Kikubaaqudgha
 12447 | D:9      | Found a staircase to the Orcish Mines.
 12625 | D:9      | Found a transporter.
 12657 | D:9      | Noticed a two-headed ogre
 12679 | D:9      | Killed a two-headed ogre
 12790 | D:9      | Found a transporter.
 13028 | D:10     | Entered Level 10 of the Dungeon
 13034 | D:10     | Found Efoss's Weapon Emporium.
 13035 | D:10     | Noticed an orc knight
 13071 | D:10     | Killed an orc knight
 13248 | D:9      | Reached skill level 12 in Necromancy
 13416 | D:10     | Found a staircase to the Lair.
 13555 | D:10     | Reached skill level 10 in Spellcasting
 13667 | D:10     | Gained mutation: You have a pair of horns on your head.
                  | [demonic ancestry]
 13667 | D:10     | Reached XP level 11. HP: 80/84 MP: 25/25
 14154 | D:10     | Found Wubukial's Magic Scroll Shoppe.
 14160 | D:10     | Bought a scroll of teleportation for 30 gold pieces
 14229 | D:10     | Reached *** piety under Kikubaaqudgha
 14229 | D:10     | Identified Kikubaaqudgha's Disquisition on Evil Rituals
                  | (Kikubaaqudgha gifted it to you on level 10 of the Dungeon)
 14229 | D:10     | Received a gift from Kikubaaqudgha
 15466 | D:11     | Found Pysseamp's Serpentskin Sales.
 15513 | D:11     | Reached skill level 1 in Shields
 15528 | D:11     | Reached **** piety under Kikubaaqudgha
 15528 | D:11     | Reached skill level 13 in Necromancy
 16041 | D:11     | You fall into a shaft and drop 3 floors!
 16042 | D:14     | Noticed Jorgrun
 16097 | D:13     | Noticed a centaur warrior
 16110 | D:13     | Killed a centaur warrior
 16603 | D:13     | Noticed a two-headed ogre
 16611 | D:13     | Killed a two-headed ogre
 16781 | D:13     | Reached XP level 12. HP: 94/94 MP: 27/27
 16824 | D:13     | Noticed a vault guard
 16825 | D:13     | Noticed a vault guard
 16825 | D:13     | Noticed a vault guard
 16825 | D:13     | Noticed a vault guard
 16827 | D:13     | Noticed a vault guard
 16828 | D:13     | Noticed a vault guard
 16841 | D:13     | Noticed a vault guard
 16842 | D:13     | Noticed a vault guard
 17459 | Lair:1   | Entered Level 1 of the Lair of Beasts
 17960 | Lair:1   | Got a polished leather armour
 17975 | Lair:1   | Identified the +1 leather armour "Wocuss" {rN+ Str+2 Int+3}
                  | (You found it on level 1 of the Lair of Beasts)
 18468 | Lair:1   | Noticed Gastronok
 18477 | Lair:1   | Learned a level 5 spell: Borgnjor's Vile Clutch
 18484 | Lair:1   | Learned a level 6 spell: Simulacrum
 18502 | Lair:1   | Killed Gastronok
 18502 | Lair:1   | Reached skill level 5 in Dodging
 18797 | Lair:1   | Reached skill level 14 in Necromancy
 19399 | Lair:2   | Found a dark tunnel.
 19582 | Lair:2   | Noticed an eight-headed hydra
 19589 | Lair:2   | Killed an eight-headed hydra
 19702 | Lair:2   | You fall into a shaft and drop 1 floor!
 19745 | Lair:3   | Noticed a six-headed hydra
 19756 | Lair:3   | Killed a six-headed hydra
 20810 | Lair:2   | Found a hole to the Spider Nest.
 20827 | Lair:2   | Reached ***** piety under Kikubaaqudgha
 20833 | Lair:2   | Gained mutation: You regenerate a lot of health from kills.
                  | [demonic ancestry]
 20833 | Lair:2   | Reached XP level 13. HP: 78/101 MP: 10/29
 21827 | Lair:4   | Found a staircase to the Swamp.
 22709 | Lair:4   | Noticed a fire dragon
 22748 | Lair:4   | Killed a fire dragon
 23710 | Lair:5   | Found a staircase to the Slime Pits.
 24021 | Lair:5   | Reached skill level 15 in Necromancy
 24231 | Lair:6   | Entered Level 6 of the Lair of Beasts
 24848 | Lair:6   | Reached skill level 10 in Fighting
 25318 | Lair:6   | Noticed an entropy weaver
 25320 | Lair:6   | Noticed an entropy weaver
 25344 | Lair:6   | Killed an entropy weaver
 25352 | Lair:6   | Killed an entropy weaver
 25887 | Lair:6   | Found a large runed translucent door.
 26467 | Lair:6   | Found a large runed translucent door.
 26481 | Lair:6   | Reached XP level 14. HP: 80/111 MP: 17/31
 27480 | Orc:1    | Entered Level 1 of the Orcish Mines
 28086 | Orc:1    | Found a bloodstained altar of Trog.
 28197 | Orc:1    | Found a roughly hewn altar of Beogh.
 28201 | Orc:1    | Noticed Fannar
 28209 | Orc:1    | Killed Fannar
 28511 | Orc:2    | Entered Level 2 of the Orcish Mines
 28580 | Orc:2    | Reached skill level 16 in Necromancy
 28595 | Orc:2    | Reached ****** piety under Kikubaaqudgha
 28595 | Orc:2    | Reached skill level 1 in Ice Magic
 28940 | Orc:2    | Found a staircase to the Elven Halls.
 29067 | Orc:2    | Noticed Amnesiac's ghost (journeyman DEIE)
 29068 | Orc:2    | Identified the +9 great mace of Vyduh {vorpal, +Fly Str+4
                  | Int+2}
 29068 | Orc:2    | Identified the +5 dire flail "Jellybane" {vorpal, MR+}
 29069 | Orc:2    | Found a transporter.
 29080 | Orc:2    | Found a transporter.
 29104 | Orc:2    | Noticed a stone giant
 29131 | Orc:2    | Found Isehil's Magic Scroll Boutique.
 29133 | Orc:2    | Killed a stone giant
 29145 | Orc:2    | Found Beus's Gadget Emporium.
 29268 | Orc:2    | Found Oskaossoyg's Armour Shop.
 29269 | Orc:2    | Found Keong's Weapon Boutique.
 29307 | Orc:2    | Received a gift from Kikubaaqudgha
 29318 | Orc:2    | Learned a level 8 spell: Infestation
 29326 | Orc:2    | Learned a level 7 spell: Haunt
 29850 | Orc:2    | Bought a scroll of identify for 22 gold pieces
 29850 | Orc:2    | Bought a scroll of acquirement for 572 gold pieces
 29850 | Orc:2    | Bought a scroll of identify for 22 gold pieces
 29850 | Orc:2    | Bought a scroll of teleportation for 33 gold pieces
 29850 | Orc:2    | Bought a scroll of fear for 38 gold pieces
 29850 | Orc:2    | Bought a scroll of fear for 38 gold pieces
 29850 | Orc:2    | Bought a scroll of immolation for 38 gold pieces
 30285 | D:12     | Noticed Sonja
 30291 | D:12     | Killed Sonja
 31250 | D:13     | Found a gate to the Vaults.
 31377 | D:13     | Reached skill level 1 in Summonings
 32463 | D:14     | Killed Jorgrun
 32463 | D:14     | Gained mutation: You have an unnaturally thin skeletal
                  | structure. (Dex +6, Stealth++) [demonic ancestry]
 32463 | D:14     | Reached XP level 15. HP: 118/118 MP: 33/33
 32472 | D:14     | Found a sacrificial altar of Ru.
 33512 | D:15     | Entered Level 15 of the Dungeon
 34143 | D:15     | Found a staircase to the Depths.
 34371 | D:15     | Reached skill level 17 in Necromancy
 35084 | D:15     | Got the +1 pair of boots of the Duke {MR++ Str+6 Dex-2}
 35772 | D:11     | Bought a +0 leather armour of poison resistance for 102
                  | gold pieces
 36357 | Swamp:1  | Entered Level 1 of the Swamp
 36480 | Swamp:1  | Found a frozen archway.
 36857 | Swamp:1  | Noticed a thorn hunter
 36866 | Swamp:1  | Killed a thorn hunter
 36866 | Swamp:1  | Reached skill level 1 in Earth Magic
 36997 | Swamp:1  | Got a fine dagger
 37943 | Swamp:1  | Identified the +5 dagger of the Six Cities {freeze, rN+}
                  | (You found it on level 1 of the Swamp)
 38996 | Swamp:2  | Gained mutation: Your body sometimes deteriorates upon
                  | taking damage. [mutagenic glow]
 39133 | Swamp:2  | Gained mutation: You have sharp fingernails. [mutagenic
                  | glow]
 39744 | Swamp:2  | Noticed a tentacled monstrosity
 39765 | Swamp:2  | Killed a tentacled monstrosity
 39765 | Swamp:2  | Reached skill level 5 in Summonings
 40233 | Swamp:3  | Noticed a thorn hunter
 40246 | Swamp:3  | Killed a thorn hunter
 40421 | Swamp:3  | Reached XP level 16. HP: 120/127 MP: 18/34
 40746 | Swamp:4  | Entered Level 4 of the Swamp
 40775 | Swamp:4  | Noticed a thorn hunter
 41229 | Swamp:4  | Gained mutation: You are dopey. (Int -2) [mutagenic glow]
 41270 | Swamp:4  | Gained mutation: You are clumsy. (Dex -2) [mutagenic glow]
 41320 | Swamp:4  | Lost mutation: You are clumsy. (Dex -2) [potion of
                  | mutation]
 41320 | Swamp:4  | Lost mutation: You are dopey. (Int -2) [potion of mutation]
 41320 | Swamp:4  | Gained mutation: You do not regenerate when monsters are
                  | visible. [potion of mutation]
 41320 | Swamp:4  | Gained mutation: You are resistant to hostile enchantments.
                  | (MR+) [potion of mutation]
 41321 | Swamp:4  | Lost mutation: Your body sometimes deteriorates upon taking
                  | damage. [potion of mutation]
 41321 | Swamp:4  | Lost mutation: You have sharp fingernails. [potion of
                  | mutation]
 41321 | Swamp:4  | Gained mutation: Scrolls take you a little longer to read.
                  | [potion of mutation]
 41321 | Swamp:4  | Gained mutation: You expend magic power (3 MP) to
                  | strengthen your wands. [potion of mutation]
 41321 | Swamp:4  | Gained mutation: Your magical capacity is low. (-10% MP)
                  | [potion of mutation]
 41321 | Swamp:4  | Gained mutation: Your mind is acute. (Int +2) [potion of
                  | mutation]
 41322 | Swamp:4  | Lost mutation: Your mind is acute. (Int +2) [potion of
                  | mutation]
 41322 | Swamp:4  | Lost mutation: Scrolls take you a little longer to read.
                  | [potion of mutation]
 41322 | Swamp:4  | Lost mutation: Your magical capacity is low. (-10% MP)
                  | [potion of mutation]
 41322 | Swamp:4  | Gained mutation: Your spells are a little harder to cast,
                  | but a little more powerful. [potion of mutation]
 41323 | Swamp:4  | Lost mutation: You expend magic power (3 MP) to strengthen
                  | your wands. [potion of mutation]
 41323 | Swamp:4  | Lost mutation: Your spells are a little harder to cast, but
                  | a little more powerful. [potion of mutation]
 41323 | Swamp:4  | Lost mutation: You do not regenerate when monsters are
                  | visible. [potion of mutation]
 41323 | Swamp:4  | Gained mutation: You occasionally shout uncontrollably at
                  | your foes. [potion of mutation]
 41323 | Swamp:4  | Gained mutation: You sometimes yell uncontrollably at your
                  | foes. [potion of mutation]
 41323 | Swamp:4  | Gained mutation: You are dopey. (Int -2) [potion of
                  | mutation]
 41323 | Swamp:4  | Gained mutation: You passively map a small area around you.
                  | [potion of mutation]
 41574 | Swamp:4  | Reached skill level 15 in Spellcasting
 42033 | Swamp:4  | Killed a thorn hunter
 42249 | Swamp:4  | Noticed a tentacled monstrosity
 42256 | Swamp:4  | Killed a tentacled monstrosity
 42298 | Swamp:4  | Reached skill level 18 in Necromancy
 42416 | Swamp:4  | Got a decaying rune of Zot
 42595 | Spider:1 | Entered Level 1 of the Spider Nest
 45552 | Spider:4 | Entered Level 4 of the Spider Nest
 45922 | Spider:4 | Reached skill level 10 in Dodging
 45979 | Spider:4 | Noticed Asterion
 45983 | Spider:4 | Killed Asterion
 45983 | Spider:4 | Reached XP level 17. HP: 135/135 MP: 16/36
 46106 | Spider:4 | Got a gossamer rune of Zot
 47093 | Elf:1    | Entered Level 1 of the Elven Halls
 47352 | Elf:1    | Reached skill level 19 in Necromancy
 48062 | Elf:1    | Identified the cursed ring "Foxt" {AC-4 Dex+4}
 48109 | Elf:1    | Found Hitezeca's Gadget Shoppe.
 48110 | Elf:1    | Found Puliro's Jewellery Shop.
 48111 | Elf:1    | Found Cuotise's Gadget Shoppe.
 49504 | Elf:2    | Found a magical portal.
 49901 | Elf:2    | Found a runed translucent gate.
 49901 | Elf:2    | Found a runed translucent gate.
 49902 | Elf:2    | Found a runed translucent gate.
 50217 | Elf:3    | Entered Level 3 of the Elven Halls
 50767 | Elf:3    | Gained mutation: Armour fits poorly on your strangely
                  | shaped body. [mutagenic glow]
 51460 | Elf:3    | Noticed a deep elf master archer
 51467 | Elf:3    | Killed a deep elf master archer
 51478 | Elf:3    | Reached XP level 18. HP: 132/143 MP: 18/38
 51545 | Elf:3    | Identified the ring of Joaxe {*Slow rElec MR+ Str+7 Int+2}
 51558 | Elf:3    | Identified the +5 kite shield of Impressiveness {rCorr
                  | Int+5}
 51723 | Elf:3    | Identified the ring of Jathuf {+Fly rPois MR+++ Str-4
                  | Stlth-}
 51913 | Elf:3    | Got a blackened hunting sling
 51947 | Elf:3    | Found the +8 autumn katana {vorpal, Clar}
 52304 | Elf:3    | Got a smoking trident
 52823 | Vaults:1 | Entered Level 1 of the Vaults
 52851 | Vaults:1 | Found a ruined gateway.
 52869 | Vaults:1 | Reached skill level 20 in Necromancy
 52879 | Vaults:1 | Found a flickering gateway to a bazaar.
 52900 | Bazaar   | Entered a bazaar
 52900 | Bazaar   | Found Ebocresi's Antique Armour Boutique.
 52944 | Bazaar   | Found Dyasit's Distillery.
 52952 | Bazaar   | Found Ihepigu's General Store.
 52963 | Bazaar   | Found Maolufea's Antique Weapon Boutique.
 52979 | Bazaar   | Found Hempeank's Jewellery Emporium.
 52998 | Bazaar   | Bought a scorched chain mail for 323 gold pieces
 52998 | Bazaar   | Bought an embroidered cloak for 255 gold pieces
 52998 | Bazaar   | Bought a dyed leather armour for 170 gold pieces
 52998 | Bazaar   | Bought a pair of glowing gloves for 255 gold pieces
 53025 | Bazaar   | Identified the cursed +0 chain mail of the Two of Cups
                  | {Int+2 Slay+3} (You bought it in a shop in a bazaar)
 53052 | Bazaar   | Bought a potion of heal wounds for 65 gold pieces
 53052 | Bazaar   | Bought a potion of heal wounds for 65 gold pieces
 53052 | Bazaar   | Bought a potion of heal wounds for 65 gold pieces
 53052 | Bazaar   | Bought a potion of haste for 130 gold pieces
 53052 | Bazaar   | Bought a potion of haste for 130 gold pieces
 53052 | Bazaar   | Bought a potion of haste for 130 gold pieces
 53052 | Bazaar   | Bought a potion of brilliance for 52 gold pieces
 53060 | Bazaar   | Bought a scroll of teleportation for 48 gold pieces
 53086 | Bazaar   | Bought an uncursed ring of protection from fire for 400
                  | gold pieces
 53165 | Vaults:1 | Found Pirub's Jewellery Emporium.
 53166 | Vaults:1 | Found Jutwodiu's General Store.
 53535 | Vaults:1 | Reached skill level 5 in Shields
 53584 | Vaults:1 | Noticed a lich
 53587 | Vaults:1 | Killed a lich
 53989 | Vaults:1 | Noticed an ancient lich
 53994 | Vaults:1 | Killed an ancient lich
 53998 | Vaults:1 | Noticed Aizul
 54006 | Vaults:1 | Killed Aizul
 54310 | Vaults:1 | Found Coeteul's Armour Emporium.
 54692 | Vaults:1 | Found a runed translucent gate.
 54692 | Vaults:1 | Found a runed translucent gate.
 54692 | Vaults:1 | Found an ancient bone altar of Kikubaaqudgha.
 54692 | Vaults:1 | Noticed an ancient lich
 54693 | Vaults:1 | Found a runed translucent gate.
 54693 | Vaults:1 | Noticed UristMcRaven's ghost (adept DECj)
 54907 | Vaults:1 | Killed an ancient lich
 54912 | Vaults:1 | Killed UristMcRaven's ghost
 54912 | Vaults:1 | Gained mutation: You are completely covered in sharp
                  | spines. [demonic ancestry]
 54912 | Vaults:1 | Reached XP level 19. HP: 115/151 MP: 14/40
 54917 | Vaults:1 | Got a bound pewter ring
 54921 | Vaults:1 | Got a heavily runed hat
 54931 | Vaults:1 | Identified Kikubaaqudgha's Collected Works on Evil Rites
 54947 | Vaults:1 | Identified the cursed +0 hat of Analysis {rCorr} (You found
                  | it on level 1 of the Vaults)
 54948 | Vaults:1 | Identified the ring "Pufif" {Str+7 Dex-3 Stlth+} (You found
                  | it on level 1 of the Vaults)
 56013 | Vaults:2 | Found Ekozev's Assorted Antiques.
 56046 | Vaults:2 | Found Givyegeh's Distillery.
 56049 | Vaults:2 | Bought a potion of cancellation for 104 gold pieces
 56049 | Vaults:2 | Bought a potion of mutation for 104 gold pieces
 56049 | Vaults:2 | Bought a potion of cancellation for 104 gold pieces
 56049 | Vaults:2 | Lost mutation: You are resistant to hostile enchantments.
                  | (MR+) [potion of mutation]
 56049 | Vaults:2 | Lost mutation: You are dopey. (Int -2) [potion of mutation]
 56049 | Vaults:2 | Lost mutation: Armour fits poorly on your strangely shaped
                  | body. [potion of mutation]
 56049 | Vaults:2 | Lost mutation: You sometimes yell uncontrollably at your
                  | foes. [potion of mutation]
 56049 | Vaults:2 | Gained mutation: You have sharp toenails. [potion of
                  | mutation]
 56049 | Vaults:2 | Gained mutation: You are clumsy. (Dex -2) [potion of
                  | mutation]
 56049 | Vaults:2 | Gained mutation: You have a pair of large horns on your
                  | head. [potion of mutation]
 56049 | Vaults:2 | Gained mutation: You are resistant to hostile enchantments.
                  | (MR+) [potion of mutation]
 56505 | Vaults:2 | Found Jinouwn's General Store.
 56600 | Vaults:2 | Bought a potion of heal wounds for 100 gold pieces
 56600 | Vaults:2 | Bought a scroll of teleportation for 60 gold pieces
 56701 | Vaults:2 | Found Bukeror's Assorted Antiques.
 56709 | Vaults:2 | Bought a scroll labeled UBRAFE HUSOQO for 24 gold pieces
 56709 | Vaults:2 | Bought a scroll of torment for 180 gold pieces
 56709 | Vaults:2 | Bought 2 potions of invisibility for 384 gold pieces
 56845 | Vaults:2 | Found Winyaf's Magic Scroll Emporium.
 56851 | Vaults:2 | Bought a scroll of fear for 49 gold pieces
 56851 | Vaults:2 | Bought a scroll of teleportation for 42 gold pieces
 56851 | Vaults:2 | Bought a scroll of teleportation for 42 gold pieces
 56851 | Vaults:2 | Bought a scroll of teleportation for 42 gold pieces
 57902 | Vaults:3 | Got an encrusted long sword
 57903 | Vaults:3 | Identified the +7 long sword of Wekon {freeze, *Drain +Rage
                  | rElec MR+} (You found it on level 3 of the Vaults)
 58681 | Vaults:3 | Found a runed translucent gate.
 58681 | Vaults:3 | Found a runed translucent gate.
 58681 | Vaults:3 | Found a runed translucent gate.
 58683 | Vaults:3 | Noticed vurker's ghost (adept TrHu)
 58874 | Vaults:3 | Found a staircase to the Crypt.
 58874 | Vaults:3 | Found a basalt altar of Yredelemnul.
 58876 | Vaults:3 | Found an ancient bone altar of Kikubaaqudgha.
 59492 | Vaults:3 | Noticed Jory
 59504 | Vaults:3 | Killed Jory
 59629 | Vaults:4 | Reached skill level 21 in Necromancy
 60215 | Vaults:4 | Reached XP level 20. HP: 160/160 MP: 25/42
 61138 | Depths:1 | Entered Level 1 of the Depths
 61356 | Depths:1 | Found a gateway to Hell.
 61596 | Depths:1 | Reached skill level 1 in Armour
 63391 | Depths:1 | Found a one-way gate to the infinite horrors of the Abyss.
 63860 | Depths:2 | Found a one-way gate leading to the halls of Pandemonium.
 64078 | Depths:2 | Noticed a juggernaut
 64108 | Depths:2 | Killed a juggernaut
 64108 | Depths:2 | Reached skill level 15 in Fighting
 65978 | Depths:2 | Found the +8 demon blade "Leech" {vamp, *Rage +Rage rN+}
 66001 | Depths:2 | Got a fine ruby amulet
 66002 | Depths:2 | Identified the amulet of Fatigue {Regen+ Int+3 SInv} (You
                  | found it on level 2 of the Depths)
 66005 | Depths:2 | Got a pitted hand axe
 66014 | Depths:2 | Got a translucent dagger
 66015 | Depths:2 | Identified the cursed +1 dagger of Juiluc {protect, rElec}
                  | (You found it on level 2 of the Depths)
 66119 | Depths:2 | Got a shimmering scale mail
 66120 | Depths:2 | Identified the +2 scale mail "Iletik" {rF+ rC+ Int-3 SInv}
                  | (You found it on level 2 of the Depths)
 66149 | Depths:2 | Got an iridescent war axe
 67033 | Depths:3 | Reached skill level 10 in Shields
 67202 | Depths:3 | Reached skill level 1 in Long Blades
 67228 | Depths:3 | Noticed a juggernaut
 67236 | Depths:3 | Killed a juggernaut
 67391 | Depths:3 | Found a gateway to a ziggurat.
 67493 | Depths:3 | Mutation became permanent: You have a pair of horns on your
                  | head. [demonic ancestry]
 67493 | Depths:3 | Gained mutation: You have a pair of large horns on your
                  | head. [demonic ancestry]
 67493 | Depths:3 | Reached XP level 21. HP: 157/168 MP: 12/43
 68466 | Depths:3 | Noticed Boris
 68483 | Depths:3 | Killed Boris
 68925 | Depths:3 | Reached skill level 5 in Armour
 70078 | Depths:4 | Noticed Mara
 70083 | Depths:4 | Killed Mara
 70083 | Depths:4 | Reached skill level 5 in Long Blades
 70121 | Depths:4 | Found a corrupted altar of Lugonu.
 70562 | Depths:4 | Got a jewelled hand crossbow
 71045 | Depths:5 | Entered Level 5 of the Depths
 71045 | Depths:5 | Noticed a juggernaut
 71049 | Depths:5 | Noticed Frederick
 71253 | Depths:5 | Killed a juggernaut
 71261 | Depths:5 | Killed Frederick
 71804 | Depths:5 | Reached skill level 1 in Polearms
 71893 | Depths:5 | Reached XP level 22. HP: 177/177 MP: 30/44
 71941 | Depths:5 | Identified the +5 whip "Yhuwnis" {venom, rElec}
 71956 | Depths:5 | Noticed a golden dragon
 71980 | Depths:5 | Killed a golden dragon
 72661 | Depths:5 | Noticed a golden dragon
 72667 | Depths:5 | Killed a golden dragon
 72723 | Depths:5 | Found a gate to the Realm of Zot.
 73418 | Vaults:4 | Learned a level 2 spell: Blink
 73428 | Vaults:4 | Learned a level 6 spell: Death Channel
 73432 | Vaults:5 | Entered Level 5 of the Vaults
 73466 | Vaults:5 | Noticed a golden dragon
 73488 | Vaults:5 | Noticed Margery
 73505 | Vaults:5 | Killed Margery
 73717 | Vaults:5 | Identified the +8 rapier of Moitonufi {vamp, Dex+4 Stlth+}
 73815 | Vaults:5 | Identified the amulet "Ewuzod" {Reflect rElec rN+ SH+5}
 73819 | Vaults:5 | Identified the amulet "Defaipsu" {Reflect Str+4 SH+5}
 73820 | Vaults:5 | Reached skill level 22 in Necromancy
 73824 | Vaults:5 | Noticed a golden dragon
 73825 | Vaults:5 | Killed a golden dragon
 73835 | Vaults:5 | Killed a golden dragon
 73837 | Vaults:5 | Noticed an ancient lich
 73839 | Vaults:5 | Identified the ring "Fesi" {+Fly rF- Str+6 Dex+8}
 73845 | Vaults:5 | Reached skill level 5 in Polearms
 73854 | Vaults:5 | Killed an ancient lich
 73933 | Vaults:5 | Noticed a golden dragon
 73978 | Vaults:5 | Identified the +8 battleaxe of the Feather {freeze, Int+8}
 73982 | Vaults:5 | Killed a golden dragon
 74030 | Vaults:5 | Reached XP level 23. HP: 184/184 MP: 46/46
 74509 | Vaults:5 | Got a silver rune of Zot
 74641 | Vaults:5 | Got a bound pewter amulet
 74699 | Vaults:5 | Identified the amulet "Usufoxob" {Inacc +Fly rElec Dex+3}
                  | (You found it on level 5 of the Vaults)
 74707 | Vaults:5 | Got a pair of ichor-stained boots
 74708 | Vaults:5 | Identified the +1 pair of boots "Vonwy" {Regen+ Int+6} (You
                  | found it on level 5 of the Vaults)
 74731 | Vaults:5 | Got a fine quarterstaff
 74753 | Vaults:5 | Got a steaming leather armour
 74758 | Vaults:5 | Identified the +3 leather armour of New Discoveries {*Drain
                  | rElec Str+4 Int+4} (You found it on level 5 of the Vaults)
 74793 | Vaults:5 | Got a warped chain mail
 74794 | Vaults:5 | Identified the +0 chain mail of the King of the Hill {rElec
                  | Regen+ Str+2 Dex-3} (You found it on level 5 of the Vaults)
 75204 | Vaults:5 | Identified the +1 troll leather armour "Coisu" {rElec
                  | Regen+ Dex+4 Slay+2}
 75440 | D:8      | Bought a scroll of blinking for 157 gold pieces
 75440 | D:8      | Bought a scroll of teleportation for 63 gold pieces
 75836 | Zot:1    | Entered Level 1 of the Realm of Zot
 76436 | Zot:2    | Got a pitted marble ring
 76437 | Zot:2    | Identified the ring "Juyd" {+Inv rElec rC- MP+9} (You found
                  | it on level 2 of the Realm of Zot)
 76750 | Zot:2    | Noticed a curse toe
 76753 | Zot:2    | Noticed a curse toe
 76765 | Zot:2    | Killed a curse toe
 76770 | Zot:2    | Killed a curse toe
 77111 | Zot:2    | Noticed a Killer Klown
 77127 | Zot:2    | Killed a Killer Klown
 77378 | Zot:2    | Noticed a curse toe
 77387 | Zot:2    | Killed a curse toe
 78165 | Zot:3    | Got a polished dagger
 78515 | Zot:3    | Noticed a curse toe
 78525 | Zot:3    | Killed a curse toe
 79434 | Zot:3    | Gained mutation: You are robust. (+10% HP) [demonic
                  | ancestry]
 79434 | Zot:3    | Reached XP level 24. HP: 144/212 MP: 29/46
 80023 | Zot:3    | Noticed a Killer Klown
 80040 | Zot:3    | Killed a Killer Klown
 80313 | Zot:3    | Noticed a Killer Klown
 80339 | Zot:3    | Killed a Killer Klown
 82101 | Zot:4    | Noticed an orb of fire
 82102 | Zot:4    | Found the macabre finger necklace {rN+}
 82102 | Zot:4    | Found a radiant altar of Vehumet.
 82106 | Zot:4    | Found a transporter.
 82112 | Zot:4    | Noticed an ancient lich
 82436 | Zot:4    | Reached skill level 10 in Polearms
 82884 | Zot:4    | Identified the Tome of Lucky Lightness
 82993 | Zot:4    | Identified the cursed +2 dagger of Ruination {vorpal, rPois
                  | rN++} (You found it on level 3 of the Realm of Zot)
 83002 | Zot:5    | Entered Level 5 of the Realm of Zot
 83724 | Zot:5    | Reached skill level 15 in Dodging
 84323 | Zot:5    | Reached XP level 25. HP: 170/221 MP: 21/46
 84325 | Zot:5    | Noticed a Killer Klown
 84325 | Zot:5    | Reached skill level 15 in Shields
 84330 | Zot:5    | Noticed an orb of fire
 84332 | Zot:5    | Noticed an orb of fire
 84334 | Zot:5    | Noticed an orb of fire
 84335 | Zot:5    | Noticed an orb of fire
 84336 | Zot:5    | Noticed an orb of fire
 84488 | Zot:5    | Noticed an orb of fire
 84488 | Zot:5    | Noticed an orb of fire
 84637 | Zot:5    | Noticed a Killer Klown
 84646 | Zot:5    | Noticed an orb of fire
 84648 | Zot:5    | Gained mutation: Your body sometimes deteriorates upon
                  | taking damage. [an orb of fire]
 84648 | Zot:5    | Gained mutation: Armour fits poorly on your strangely
                  | shaped body. [an orb of fire]
 84650 | Zot:5    | Noticed an ancient lich
 84650 | Zot:5    | Noticed an ancient lich
 84686 | Zot:5    | Killed from afar by an orb of fire

Illustrated notes

Levels and vault maps discovered:
D:1:      ncdulo_wetmaze, layout_rooms, columned_hall_lemuel
D:2:      layout_rooms
D:3:      layout_basic, first_ration, uniq_terence, uniq_ijyb, uniq_robin
D:4:      minmay_wonky_spiral, layout_loops_ring, okawaru_ov_weapons_minmay,
          vehumet_altar_wand_db
D:5:      layout_basic, uniq_edmund
D:6:      layout_loops_ring, grunt_tough_drop
D:7:      layout_layer_cave, minmay_temple_entry_crystal_x, minmay_liquid_box
D:8:      layout_gridville, basic_altar, serial_shops,
          nicolae_shop_behind_doors, kennysheep_little_box, nicolae_shop_stone,
          nicolae_shop_statue_plus, shop_fountains, uniq_joseph, uniq_psyche,
          uniq_pikel
D:9:      gammafunk_cloud_chamber, layout_basic, erik_orc_4
D:10:     layout_loops_ring, due_lair_maze_entry_diamond, serial_shops,
          nicolae_shop_temple_entry_statues_fountains,
          nicolae_shop_temple_entry_statues_fountains
D:11:     layout_irregular_city, serial_undead, serial_undead_e,
          serial_undead_f, serial_undead_e, serial_undead_e, guppyfry_shop_venom
D:12:     layout_basic, uniq_sonja
D:13:     layout_roguey, erik_vaults_2
D:14:     layout_gridville, amethyst_killhole, hangedman_stone_soup,
          nicolae_ru_path_of_blood, uniq_jorgrun
D:15:     hangedman_depths_entry_try_elsewhere_first, layout_layer_cave,
          minmay_misc_feat_chi, serial_park_tiny_pond, pf_eden
Temple:   minmay_crystal_snake_temple
Lair:1:   layout_regular_city, chequers_serial_rivers_marsh,
          chequers_serial_rivers_large_a, st_stairs_5, serial_bayou_pond_d,
          uniq_gastronok
Lair:2:   layout_regular_city, spider_nest_entry_a,
          nicolae_volcano_entry_s_turn, minmay_lair_oklob_chamber,
          serial_bayou_shore_b
Lair:3:   layout_regular_city, grunt_megastairs_1
Lair:4:   dragon1_lemuel, layout_small_grid,
          nicolae_swamp_entry_splash_gauntlet, serial_bayou_shore_a
Lair:5:   layout_hall_layers, minmay_slime_entry_eyes, lemuel_fruit_fields
Lair:6:   cheibrodos_lair_end_hotspot, layout_big_grid, minmay_another_anthill,
          infiniplex_staircase_pool, serial_bayou_shore_b, lemuel_fruit_tree
Swamp:1:  layout_basic_swamp, portal_ice_cave_entry_ice_statue_two,
          evilmike_swamp_ruin_house_5
Swamp:2:  cheibrodos_swamp_monstrosity, layout_falls_marsh,
          evilmike_swamp_ruin_house_4, swamp_pool1
Swamp:3:  layout_basic_swamp, evilmike_swamp_ruin_house_1, swamp_pool1
Swamp:4:  swamp_vile, layout_basic_swamp
Spider:1: layout_spider_delve, drop_trap
Spider:2: cheibrodos_forgotten_conduit
Spider:3: layout_spider_delve
Spider:4: grunt_spider_rune_parallel, uniq_asterion
Orc:1:    layout_caves, basic_altar, abandoned_shop, mines1_david, uniq_fannar
Orc:2:    st_orc_open, layout_caves, gammafunk_ghost_smash
Elf:1:    minmay_elf_arrival_circle, layout_geoelf_octagon,
          kennysheep_underground_church, minmay_shop_grove
Elf:2:    layout_rooms, mu_enter_wizlab_7,
          nicolae_elf_glass_and_crystal_pillar_1, uniq_saint_roka
Elf:3:    minmay_elf_hall_furrowed, layout_geoelf_diagonals
Vaults:1: gammafunk_vaults_ghost_crypt, v_rooms_5, v_misc_27,
          nicolae_vaults_little_squares_4, dpeg_vaults_monster_box,
          vaults_mumra_lcd, nicolae_vaults_asterisk, vaults_standard_mumra_x,
          vaults_room_pool, ontoclasm_vaults_shuriken, vaults_dpeg_cross,
          hangedman_vaults_maws, layout_vaults_big_room, serial_shops,
          bzr_entry_lakeside, shop_statue, nicolae_shop_stone, shop_fountains,
          portal_desolation_entry_garden, uniq_aizul
Vaults:2: v_alt_pattern_5, nicolae_vaults_puzzle_piece, v_rooms_1, v_misc_27,
          ontoclasm_vaults_hangar, nicolae_vaults_shelves_hall,
          vaults_mumra_chevron, nicolae_vaults_fighting_squares, v_rooms_2,
          nicolae_vaults_little_squares_2, ontoclasm_vaults_ligature,
          vaults_room_fours, vaults_room_door_ring, nicolae_vaults_shelves_hall,
          layout_vaults_omnibox, serial_shops, nicolae_shop_behind_doors,
          nicolae_shop_temple_entry_statues_fountains, nicolae_shop_waterfront,
          nicolae_shop_trees, shop
Vaults:3: gammafunk_vaults_ghost_tricky_traps, hangedman_vaults_impose,
          vaults_dpeg_diagonal, v_misc_22, ontoclasm_vaults_spin,
          nicolae_vaults_asterisk, hangedman_vaults_stagger,
          minmay_crypt_entry_necro_gods, hangedman_vaults_corner_blocks,
          vaults_dpeg_ring, vaults_room_door_ring, layout_vaults_omnigrid,
          uniq_jory
Vaults:4: vaults_dpeg_hooks, nicolae_vaults_stairing_the_circle,
          hangedman_vaults_stitches, hangedman_vaults_corner_blocks,
          v_alt_pattern_4, nicolae_vaults_windows_and_doors_thing,
          vaults_room_pools, nicolae_vaults_little_squares_6, v_misc_13,
          vaults_room_ringed_pool, serial_ice_b, vaults_dpeg_encased_lava,
          v_misc_22, vaults_room_guarded_vault, layout_vaults_ring
Vaults:5: serial_shops, uniq_margery
Depths:1: layout_gridlike, abyss_entry_small_statue_room,
          pf_hell_entry_tar_river, kennysheep_decorative_pillar,
          minmay_guarded_unrand_curses
Depths:2: vault_1, layout_twisted_cross, minmay_misc_feat_plants,
          grunt_pan_entry_sceptre, grunt_hell_entry_dis_grunt
Depths:3: minmay_the_grid_net [minmay_the_grid_mess,
          minmay_the_grid_medium_cups, minmay_the_grid_square_x,
          minmay_the_grid_diamond_grid, minmay_the_grid_outer_circle,
          minmay_the_grid_prize_four_corners], layout_cave_pools,
          enter_ziggurat_b, kennysheep_cluttered_room, hell_entry, pan_entry,
          evilmike_minifort, uniq_boris
Depths:4: minmay_bloctagon_deflated, layout_gridville, abyss_entry_flame_altar,
          grunt_mini_vestibule, serial_sigils, serial_sigils_hangedman_gut,
          serial_sigils_hangedman_stare, serial_sigils_hangedman_quiver,
          serial_sigils_hangedman_etch, serial_sigils_hangedman_shear,
          serial_sigils_hangedman_leer, kennysheep_generic_room_7, uniq_mara
Depths:5: lemuel_castle_with_subvaults [lemuel_castle_interior_carwin_1],
          layout_basic, hell_entry, hangedman_decor_clover_reticule,
          nrook_loot_triangle, chequers_decorated_corner,
          hangedman_decor_slide_cut, uniq_frederick
Zot:1:    layout_misc_corridors
Zot:2:    layout_concentric_octagons
Zot:3:    grunt_deathspiral_small, layout_concentric_octagons
Zot:4:    gammafunk_sealed_library, layout_gridlike, drop_trap,
          st_small_dragon_hoard_2, grunt_megastairs_2
Zot:5:    layout_gridlike

Skill      XL: |  1  2  3  4  5  6  7  8  9 10 11 12 13 14 15 16 17 18 19 20 21 22 23 24 25 |
---------------+----------------------------------------------------------------------------+-----
Fighting       | 1 2 3 5 6 7 8 9 10 11 12 13 14 15 16 17 | 17.2
Necromancy     | 5 6 7 9 10 12 13 14 15 16 17 18 19 20 21 22 | 22.8
Spellcasting   | 3 4 5 7 8 10 11 12 13 14 15 16 17 18 19 | 19.7
Dodging        | 2 4 5 7 8 9 10 11 12 13 14 15 | 15.0
Shields        | 2 4 6 8 10 11 12 13 14 15 | 15.0
Ice Magic      | 3 4 |  4.0
Summonings     | 2 5 6 7 8 |  8.0
Earth Magic    | 2 |  2.0
Armour         | 3 5 7 8 9 |  9.5
Long Blades    | 2 5 |  5.8
Polearms       | 1 5 8 10 | 10.6
Stealth        | |  1.7

Action                   |  1- 3 |  4- 6 |  7- 9 | 10-12 | 13-15 | 16-18 | 19-21 | 22-24 | 25-27 || total
-------------------------+-------+-------+-------+-------+-------+-------+-------+-------+-------++-------
Melee: Unarmed           |     4 |       |       |       |       |       |       |       |       ||     4
       Dagger            |    31 |    42 |   130 |   347 |   619 |   402 |   480 |       |       ||  2051
       Headbutt          |     5 |     8 |    29 |    83 |   146 |   109 |   230 |   167 |     3 ||   780
       Spear             |       |       |     8 |     5 |       |       |       |       |       ||    13
       Demon blade       |       |       |       |       |       |       |   298 |       |       ||   298
       Demon trident     |       |       |       |       |       |       |    56 |   940 |    14 ||  1010
 Cast: Pain              |    77 |   137 |   172 |   267 |   251 |       |       |       |       ||   904
       Animate Dead      |       |     5 |    10 |    30 |    44 |     4 |     9 |     1 |       ||   103
       Vampiric Draining |       |     1 |    16 |    95 |    74 |     3 |       |     3 |       ||   192
       Sublimation of Bl |       |       |     2 |    14 |    35 |   112 |    59 |    40 |     1 ||   263
       Borgnjor's Vile C |       |       |       |     6 |   113 |   139 |   143 |   123 |     1 ||   525
       Infestation       |       |       |       |       |    37 |   127 |   143 |    95 |     1 ||   403
       Haunt             |       |       |       |       |     6 |    11 |    42 |    43 |     6 ||   108
       Simulacrum        |       |       |       |       |     4 |     4 |     3 |       |       ||    11
       Death Channel     |       |       |       |       |       |       |       |    44 |       ||    44
       Blink             |       |       |       |       |       |       |       |     3 |     4 ||     7
Invok: Receive Corpses   |       |       |     2 |     8 |     7 |     3 |     5 |       |       ||    25
       Receive Necronomi |       |       |       |       |     1 |       |       |       |       ||     1
Evoke: Wand              |       |       |     1 |     3 |     4 |     2 |     3 |    11 |     6 ||    30
  Use: Scroll            |       |       |    12 |     6 |    23 |     9 |    21 |    22 |     7 ||   100
       Potion            |       |       |       |     1 |     1 |     7 |     6 |    12 |     7 ||    34
 Stab: Sleeping          |       |     5 |     7 |    10 |    13 |     6 |     8 |     4 |       ||    53
       Distracted        |       |       |     1 |     4 |     5 |     5 |    14 |    27 |       ||    56
       Confused          |       |       |       |       |       |       |       |     3 |       ||     3
  Eat: Chunk             |     4 |    13 |    19 |    23 |    45 |    61 |    65 |    28 |       ||   258
       Ration            |       |       |       |     4 |    17 |    22 |    11 |    13 |     1 ||    68
Armor: Robe              |     8 |    15 |    46 |    92 |       |       |       |       |       ||   161
       Leather armour    |       |       |       |    39 |    98 |    63 |    64 |       |       ||   264
       Scale mail        |       |       |       |       |       |       |   110 |   235 |     2 ||   347
       Skin              |       |       |       |       |       |       |       |     3 |       ||     3
Dodge: Dodged            |    44 |    56 |   108 |   297 |   513 |   342 |   336 |   379 |     8 ||  2083
       Repelled          |       |     3 |    19 |     6 |    26 |    22 |       |       |       ||    76
Block: Other             |       |       |       |    37 |       |       |       |       |       ||    37
       Buckler           |       |       |       |   184 |   408 |   203 |       |       |       ||   795
       Reflection        |       |       |       |     2 |    22 |    32 |    43 |       |       ||    99
       Kite shield       |       |       |       |       |       |    89 |   738 |   550 |    10 ||  1387
       Rpst.: Demon blade |       |       |       |       |       |       |    25 |       |       ||    25

Table legend:
 A = Non-vault XP
 B = Vault XP
 C = Vault XP percentage of total XP
 D = Non-vault monster count
 E = Vault monster count
 F = Vault count percentage of total count
                 A         B        C        D         E       F
            +---------+---------+-------+---------+---------+-------
      Total |  663176 |  488471 |  42.4 |    1631 |     752 |  31.6
            +---------+---------+-------+---------+---------+-------
        D:1 |      39 |       0 |   0.0 |      22 |       0 |   0.0
        D:2 |      68 |       0 |   0.0 |      24 |       0 |   0.0
        D:3 |     202 |     103 |  33.8 |      34 |      13 |  27.7
        D:4 |     184 |       4 |   2.1 |      11 |       2 |  15.4
        D:5 |     316 |     151 |  32.3 |      20 |       1 |   4.8
        D:6 |     915 |      10 |   1.1 |      26 |       2 |   7.1
        D:7 |     747 |       0 |   0.0 |      28 |       0 |   0.0
        D:8 |    1574 |    1593 |  50.3 |      33 |       6 |  15.4
        D:9 |    2759 |     349 |  11.2 |      22 |      14 |  38.9
       D:10 |    4310 |    1142 |  20.9 |      35 |      11 |  23.9
       D:11 |    3279 |    1067 |  24.6 |      36 |       9 |  20.0
       D:12 |    3519 |     401 |  10.2 |      26 |       1 |   3.7
       D:13 |    6247 |    6163 |  49.7 |      32 |       8 |  20.0
       D:14 |    7459 |    2524 |  25.3 |      30 |       4 |  11.8
       D:15 |    8525 |    4770 |  35.9 |      40 |       7 |  14.9
     Lair:1 |    4323 |    1893 |  30.5 |      22 |       2 |   8.3
     Lair:2 |    2210 |    2110 |  48.8 |      12 |       9 |  42.9
     Lair:3 |    2313 |    1242 |  34.9 |      11 |       4 |  26.7
     Lair:4 |    4824 |    1607 |  25.0 |      24 |       6 |  20.0
     Lair:5 |    5981 |     586 |   8.9 |      16 |       2 |  11.1
     Lair:6 |    6776 |    9993 |  59.6 |      31 |      52 |  62.7
    Swamp:1 |   12802 |       0 |   0.0 |      43 |       0 |   0.0
    Swamp:2 |    6667 |    2311 |  25.7 |      21 |       1 |   4.5
    Swamp:3 |   10057 |       0 |   0.0 |      46 |       0 |   0.0
    Swamp:4 |    9067 |   13098 |  59.1 |      17 |      30 |  63.8
   Spider:1 |    8622 |       0 |   0.0 |      38 |       0 |   0.0
   Spider:2 |    9007 |    2943 |  24.6 |      39 |       9 |  18.8
   Spider:3 |    9321 |       0 |   0.0 |      32 |       0 |   0.0
   Spider:4 |   12109 |   15416 |  56.0 |      57 |      55 |  49.1
      Orc:1 |    2206 |     960 |  30.3 |      51 |       1 |   1.9
      Orc:2 |    3167 |   13723 |  81.2 |      24 |      37 |  60.7
      Elf:1 |   20303 |    3552 |  14.9 |      41 |      10 |  19.6
      Elf:2 |    7411 |    1826 |  19.8 |      19 |       2 |   9.5
      Elf:3 |   17154 |   36492 |  68.0 |      31 |      34 |  52.3
   Vaults:1 |   35071 |   22652 |  39.2 |      86 |      30 |  25.9
   Vaults:2 |   20952 |   24003 |  53.4 |      46 |      51 |  52.6
   Vaults:3 |   21892 |    8457 |  27.9 |      34 |      14 |  29.2
   Vaults:4 |   10257 |   19999 |  66.1 |      28 |      42 |  60.0
   Vaults:5 |   25114 |   82950 |  76.8 |      54 |      95 |  63.8
   Depths:1 |   43625 |    2329 |   5.1 |      64 |      13 |  16.9
   Depths:2 |   11579 |   22946 |  66.5 |      18 |      31 |  63.3
   Depths:3 |   24991 |   42436 |  62.9 |      49 |      42 |  46.2
   Depths:4 |   36914 |   14847 |  28.7 |      59 |      12 |  16.9
   Depths:5 |   22758 |   39289 |  63.3 |      27 |      43 |  61.4
      Zot:1 |   21785 |       0 |   0.0 |      19 |       0 |   0.0
      Zot:2 |   62879 |       0 |   0.0 |      55 |       0 |   0.0
      Zot:3 |   45356 |   48546 |  51.7 |      33 |      30 |  47.6
      Zot:4 |   56935 |   15483 |  21.4 |      46 |      10 |  17.9
      Zot:5 |   28605 |   18505 |  39.3 |      19 |       7 |  26.9
            +---------+---------+-------+---------+---------+-------
